 Dungeon Sprint DCSS version 0.17.1-3-g152610e (webtiles) character file.

56 Kokonut the Ruffian (level 3, -5/58 HPs)
             Began as a Troll Berserker on Feb 28, 2016.
             Was a Believer of Trog.
             Killed by divine providence
             ... invoked by an oklob sapling priest
              (12 damage)
             ... in the Dungeon (Sprint IV: "Fedhas' Mad Dash").
             The game lasted 00:01:55 (139 turns).

Kokonut the Ruffian (Troll Berserker)                Turns: 139, Time: 00:01:55

Health: -5/58      AC:  5    Str: 30    XL:     3   Next: 71%
Magic:  2/2        EV: 11    Int:  3    God:    Trog [**....]
Gold:   48         SH:  0    Dex: 10    Spells: 0 memorised, 2 levels left

rFire  . . .     SeeInvis .       - Unarmed
rCold  . . .     Clarity  .     a - +0 animal skin
rNeg   . . .     SustAt   .     (no shield)
rPois  .         Gourm    +     (helmet restricted)
rElec  .         Spirit   .     (no cloak)
rCorr  .         Warding  .     (gloves unavailable)
rMut   .         NoTele   +     (boots unavailable)
MR     .....                    (no amulet)
Stlth  ..........               (no ring)
                                i - ring of invisibility

@: berserking, very quick, not resistant to hostile enchantments, extremely
unstealthy
A: unfitting armour, claws 3, fast metabolism 3, gourmand, regeneration 2,
shaggy fur 1, tough skin 2
a: Berserk, Trog's Hand, Burn Spellbooks, Renounce Religion, Evoke Invisibility


You were in the Dungeon.
You worshipped Trog.
Trog was pleased with you.
You were not hungry.

You visited 1 branch You collected 48 gold pieces.

Inventory:

Armour
 a - a +0 animal skin (worn)
Jewellery
 i - a ring of invisibility (left claw)
Scrolls
 h - a scroll of blinking
Potions
 c - a potion of curing
 e - a potion of haste
 f - 2 potions of magic
 g - a potion of berserk rage
Comestibles
 b - 2 bread rations
 j - 4 fruits


   Skills:
 + Level 3.8 Fighting
 + Level 3.9 Dodging
 * Level 6.0 Unarmed Combat


You had 2 spell levels left.
You didn't know any spells.

Dungeon Overview and Level Annotations

Branches:
Dungeon (1/1)

Altars:
Cheibriados
Dithmenos
Elyvilon
Gozag
Kikubaaqudgha
Makhleb
Nemelex Xobeh
Okawaru
Ru
Sif Muna
Trog
Vehumet
Xom
Yredelemnul
Zin
The Shining One
Beogh
Jiyva
Lugonu

Annotations:
D exclusion: 2 oklob saplings


Innate Abilities, Weirdness & Mutations

You are too large for most types of armour.
You have claws for hands.
Your metabolism is lightning-fast.
You like to eat raw meat.
You heal very quickly.
You are covered in fur (AC +1).
You have very tough skin (AC +2).


Message History

* * * LOW HITPOINT WARNING * * *
Found an opulent altar of Gozag.
The oklob sapling priest casts a cantrip, but nothing happens.
Found a roughly hewn altar of Beogh and a basalt altar of Yredelemnul.
There is a deep blue altar of Sif Muna here.
Drink which item? (? for menu, Esc to quit)
You feel much better.
The oklob sapling priest spits acid at you.
The splash of acid hits you!
The acid burns!
* * * LOW HITPOINT WARNING * * *
A red film seems to cover your vision as you go berserk!
You feel yourself moving faster!
You feel mighty!
You feel somewhat more hungry.
You claw the oklob sapling priest!
The oklob sapling priest is severely damaged.
You scratch the oklob sapling priest.
The oklob sapling priest is severely damaged.
The oklob sapling priest calls down the wrath of its god upon you.
Something smites you!
You die...

########################
.....#.....#.⌠.........⌠
.....'.#.).'._._._._._._
.....#.#...#_._.@P_._._.
#########+##._._._._._._
...#.⌠...._....⌠
#$P$############# #####


You could see an oklob sapling priest.

Vanquished Creatures
  An oklob sapling (D)
  A worker ant (D)
  A river rat (D)
  A rat (D)
4 creatures vanquished.

Notes
Turn   | Place    | Note
--------------------------------------------------------------
     0 | D        | Kokonut the Troll Berserker began the quest for the Orb.
     0 | D        | Reached XP level 1. HP: 22/22 MP: 0/0
    11 | D        | Reached skill level 4 in Unarmed Combat
    11 | D        | Reached XP level 2. HP: 17/29 MP: 1/1
    36 | D        | Noticed an oklob sapling
    39 | D        | Killed an oklob sapling
    39 | D        | Reached skill level 5 in Unarmed Combat
    39 | D        | Reached XP level 3. HP: 14/37 MP: 2/2
    41 | D        | Noticed a worker ant
    42 | D        | Killed a worker ant
    42 | D        | Reached ** piety under Trog
    42 | D        | Reached skill level 6 in Unarmed Combat
    82 | D        | Noticed an oklob sapling
   129 | D        | Found a snail-covered altar of Cheibriados.
   129 | D        | Found a glowing silver altar of Zin.
   129 | D        | Found a white marble altar of Elyvilon.
   129 | D        | Found a viscous altar of Jiyva.
   129 | D        | Found a radiant altar of Vehumet.
   129 | D        | Found a deep blue altar of Sif Muna.
   129 | D        | Found an ancient bone altar of Kikubaaqudgha.
   129 | D        | Found a bloodstained altar of Trog.
   129 | D        | Found a corrupted altar of Lugonu.
   129 | D        | Noticed an oklob sapling priest
   130 | D        | Found a burning altar of Makhleb.
   130 | D        | Found a sacrificial altar of Ru.
   131 | D        | Found a glowing golden altar of the Shining One.
   131 | D        | Found a sparkling altar of Nemelex Xobeh.
   132 | D        | Found a shadowy altar of Dithmenos.
   133 | D        | Found a shimmering altar of Xom.
   133 | D        | Found an iron altar of Okawaru.
   134 | D        | Found an opulent altar of Gozag.
   135 | D        | Found a roughly hewn altar of Beogh.
   135 | D        | Found a basalt altar of Yredelemnul.
   139 | D        | Killed from afar by an oklob sapling priest

Action                   || total
-------------------------++-------
Melee: Unarmed           ||    12
Invok: Berserk           ||     2
  Use: Potion            ||     1
  Eat: Chunk             ||     1
